AoeStats
← 超自然震動

Black Forest

508479750Analyzed
4v4 RM · 11d ago on Sep 22, 2026· 61m 59s· 8 players
Game mode
Random Map
Map size
Large (8 player)
Population
200
Speed
Normal
Resources
Standard
Victory
Conquest
Starting age
Dark Age
Ending age
Imperial Age
RankedLock teamsTeams togetherTeam positionsShared explorationLock speedFull tech treeHidden civsTurbo modeCheats
Victory
Defeat
🇪🇸 Danes · Spain
1031
+15
🇧🇷 Magyars · Brazil
990
+16
🇨🇭 Turks · Switzerland
954
+18
🇧🇷 Cumans · Brazil
935
+19
🇸🇰 Poles · Slovakia
1011
-18
🇨🇿 Vietnamese · Czechia
1010
-17
🇹🇼 Danes · Taiwan
993
-17
🇳🇱 Burgundians · Netherlands
978
-16
超自然震動
8:07 Loom
12:37 Feudal Age
14:01 Double-Bit Axe
16:41 Castle Age
14:35 Stone Mining
16:33 Gold Mining
16:48 Horse Collar
18:21 Bow Saw
29:36 Wheelbarrow
28:49 Town Watch
31:01 Hand Cart
34:07 Imperial Age
32:20 Fletching
33:43 Heavy Plow
33:21 Hamask
34:26 Ballistics
34:45 Squires
34:33 Arson
34:14 Pikeman
35:16 Conscription
34:34 Onager
36:15 Gold Shaft Mining
36:03 Halberdier
37:54 Siege Onager
39:17 Scale Mail Armor
40:29 Forging
40:34 Chain Mail Armor
40:15 Bodkin Arrow
40:35 Northmen's Fury
42:12 Iron Casting
41:38 Padded Archer Armor
43:10 Plate Mail Armor
43:50 Bracer
44:04 Elite Varangian Guard
46:16 Leather Archer Armor
47:01 Blast Furnace
46:07 Elite Skirmisher
46:53 Thumb Ring
46:12 Cranequins
47:09 Gambesons
49:23 Chemistry
48:29 Siege Engineers
48:36 Masonry
48:20 Imperial Skirmisher
50:10 Heavy Mounted Crossbowman
51:00 Caravan
51:33 Coinage
Nyssa
1:32 Loom
18:06 Feudal Age
16:25 Double-Bit Axe
17:08 Horse Collar
18:44 Man-at-Arms
20:21 Arson
20:57 Bow Saw
23:01 Scale Mail Armor
26:16 Castle Age
30:50 Two-Man Saw
29:53 Heavy Plow
31:30 Wheelbarrow
30:41 Town Watch
32:34 Crop Rotation
32:18 Gold Mining
32:20 Stone Mining
33:27 Hand Cart
33:53 Gold Shaft Mining
37:53 Imperial Age
36:06 Fortified Wall
36:46 Scale Barding Armor
36:52 Forging
36:32 Fletching
36:58 Masonry
37:09 Ballistics
36:30 Treadmill Crane
37:46 Stone Shaft Mining
36:46 Cavalier
38:16 Husbandry
38:34 Town Patrol
39:22 Chain Barding Armor
39:38 Iron Casting
40:31 Conscription
40:48 Hoardings
40:20 Burgundian Vineyards
41:54 Plate Barding Armor
42:20 Blast Furnace
41:43 Paladin
41:49 Paladin
44:00 Chain Mail Armor
43:41 Bodkin Arrow
45:06 Caravan
53:31 Guilds
53:47 Light Cavalry
スカムバッグ
11:14 Feudal Age
17:16 Castle Age
17:25 Double-Bit Axe
18:04 Horse Collar
24:45 Wheelbarrow
26:18 Caravan
29:46 Imperial Age
28:39 Hand Cart
28:45 Heavy Plow
28:53 Treadmill Crane
29:36 Ballistics
29:29 Fortified Wall
29:53 Bow Saw
29:58 Caravan
31:41 Chemistry
32:22 Paper Money
33:13 Crop Rotation
33:46 Two-Man Saw
32:35 Town Watch
32:37 Loom
33:01 Squires
32:56 Fletching
33:07 Padded Archer Armor
33:08 Gold Mining
33:32 Elite Skirmisher
34:14 Imperial Skirmisher
35:03 Bodkin Arrow
35:23 Leather Archer Armor
35:48 Siege Engineers
36:48 Bracer
37:34 Ring Archer Armor
37:05 Scale Mail Armor
37:16 Forging
38:35 Elite Fire Lancer
39:30 Forging
39:36 Chain Mail Armor
40:41 Pikeman
43:14 Halberdier
44:40 Iron Casting
44:35 Plate Mail Armor
44:38 Halberdier
Aballion
5:08 Loom
10:05 Feudal Age
10:40 Double-Bit Axe
17:44 Castle Age
16:07 Horse Collar
16:32 Stone Mining
19:27 Bow Saw
20:28 Heavy Plow
21:56 Stone Shaft Mining
23:54 Gold Mining
24:46 Caravan
26:07 Wheelbarrow
27:30 Hand Cart
29:04 Forging
28:57 Scale Mail Armor
31:58 Imperial Age
29:17 Town Watch
29:45 Scale Barding Armor
30:20 Szlachta Privileges
30:37 Town Patrol
33:35 Crop Rotation
35:36 Husbandry
35:47 Bloodlines
36:17 Iron Casting
36:02 Chain Barding Armor
35:34 Fletching
36:25 Cavalier
38:18 Chemistry
37:39 Ballistics
37:15 Murder Holes
37:01 Treadmill Crane
37:32 Masonry
37:28 Siege Engineers
37:47 Fortified Wall
40:24 Blast Furnace
39:21 Bodkin Arrow
40:41 Conscription
41:01 Hoardings
40:46 Lechitic Legacy
45:24 Man-at-Arms
46:16 Light Cavalry
49:31 Bracer
49:47 Chain Mail Armor
49:02 Long Swordsman
49:42 Squires
52:14 Elite Obuch
57:39 Winged Hussar
manejc94
7:47 Loom
12:40 Feudal Age
14:31 Double-Bit Axe
17:59 Castle Age
16:12 Stone Mining
19:08 Wheelbarrow
23:14 Bow Saw
23:47 Horse Collar
24:02 Gold Mining
24:53 Heavy Plow
27:31 Forging
27:22 Scale Mail Armor
27:51 Hand Cart
28:01 Caravan
28:29 Gambesons
28:45 Squires
28:30 Arson
28:16 Pikeman
32:10 Iron Casting
31:50 Chain Mail Armor
31:41 Scale Barding Armor
31:31 Fletching
31:41 Padded Archer Armor
32:30 Ballistics
32:05 Murder Holes
32:22 Masonry
35:33 Imperial Age
34:39 Gold Shaft Mining
34:41 Stone Shaft Mining
33:39 Hamask
35:30 Bodkin Arrow
35:50 Leather Archer Armor
37:03 Conscription
36:13 Capped Ram
37:43 Siege Ram
38:43 Bracer
39:13 Ring Archer Armor
39:45 Blast Furnace
39:15 Plate Mail Armor
38:08 Halberdier
38:12 Elite Varangian Guard
39:04 Onager
45:33 Northmen's Fury
46:01 Man-at-Arms
47:33 Thumb Ring
46:53 Crossbowman
46:59 Cranequins
47:48 Scale Barding Armor
47:53 Siege Engineers
48:56 Chemistry
52:17 Heavy Mounted Crossbowman
NeverArabia
0:28 Loom
12:16 Feudal Age
16:29 Double-Bit Axe
19:25 Castle Age
17:38 Stone Mining
17:38 Gold Mining
25:00 Horse Collar
27:25 Heavy Plow
29:19 Fervor
29:26 Caravan
29:56 Bow Saw
31:54 Wheelbarrow
34:36 Imperial Age
32:15 Treadmill Crane
32:57 Ballistics
33:27 Bloodlines
33:17 Husbandry
34:28 Gold Shaft Mining
34:13 Hand Cart
34:07 Padded Archer Armor
33:57 Fletching
34:29 Masonry
34:11 Town Watch
35:07 Corvinian Army
35:14 Scale Barding Armor
35:00 Fletching
35:25 Leather Archer Armor
35:55 Conscription
37:13 Chain Barding Armor
36:49 Bodkin Arrow
37:10 Leather Archer Armor
38:41 Chemistry
37:52 Recurve Bow
39:20 Elite Magyar Huszar
40:36 Hoardings
39:30 Heavy Cavalry Archer
40:37 Parthian Tactics
40:14 Bracer
40:52 Ring Archer Armor
41:42 Plate Barding Armor
42:49 Siege Engineers
43:56 Thumb Ring
49:41 Two-Man Saw
49:13 Crop Rotation
53:56 Pikeman
54:22 Arson
54:38 Scale Mail Armor
55:00 Halberdier
58:01 Murder Holes
l'entourloupe
1:31 Loom
20:00 Feudal Age
20:59 Double-Bit Axe
26:05 Forging
27:41 Horse Collar
33:26 Castle Age
33:06 Bloodlines
33:03 Scale Barding Armor
34:57 Chain Barding Armor
35:18 Capped Ram
36:53 Iron Casting
37:17 Wheelbarrow
42:04 Gold Mining
44:20 Gold Shaft Mining
43:39 Stone Mining
47:59 Imperial Age
45:45 Hand Cart
45:53 Caravan
47:29 Steppe Husbandry
48:26 Elite Steppe Lancer
48:27 Cavalier
50:12 Blast Furnace
49:48 Plate Barding Armor
48:38 Siege Ram
50:19 Pikeman
50:31 Paladin
53:12 Light Cavalry
54:55 Hussar
55:13 Halberdier
56:07 Scale Mail Armor
58:54 Bow Saw
59:49 Elite Kipchak
frederic11
11:31 Feudal Age
23:36 Castle Age
26:26 Fortified Wall
27:57 Double-Bit Axe
36:25 Imperial Age
35:35 Horse Collar
36:45 Sanctity
36:38 Bow Saw
38:01 Artillery
39:15 Gold Mining
39:18 Stone Mining
40:39 Wheelbarrow
46:32 Two-Man Saw
45:35 Heavy Plow
45:40 Padded Archer Armor
45:33 Fletching
46:18 Conscription
46:41 Ballistics
47:25 Elite Janissary
50:08 Gold Shaft Mining
49:40 Caravan
56:57 Heavy Camel Rider
59:05 Bodkin Arrow
59:25 Leather Archer Armor
59:16 Scale Barding Armor
61:43 Husbandry
61:53 Bloodlines
Connection lost

Rejoining the realm…

Still unreachable

The connection could not be restored.

Session expired

The server has moved on; the page needs a fresh start.